Map: Deathaura LE

Players

Dream

  • Race: Terran Terran
  • Spawn Location: 11:00

ShoWTimE - Winner!

  • Race: Protoss Protoss
  • Spawn Location: 5:00

Event: War Chest Team League

VOD

Have the link to the VOD?

Description

Time

  • Played on: Aug. 2, 2020, 5:13 a.m.
  • Length: 9:55
Show
View Real Time Build Order
Export as new Build Order

Dream Terran 

Build Orders:  

Get SALT Encoding   

  12  0:01  SCV  
  13  0:13  SCV  
  14  0:17  Supply Depot  
  14  0:25  SCV  
  15  0:38  SCV  
  15  0:40  Barracks  
  16  0:44  Refinery  
  16  0:50  SCV  
  17  1:03  SCV  
  18  1:15  SCV  
  19  1:27  Orbital Command  
  19  1:28  Barracks Reactor  
  19  1:39  Command Center  
  19  1:48  Supply Depot  
  19  1:53  SCV  
  20  2:03  Factory  
  20  2:05  SCV  
  20  2:08  Marine  
  22  2:11  Marine  
  23  2:17  SCV  
  24  2:25  Marine  
  24  2:29  Marine, SCV  
  27  2:41  SCV  
  28  2:49  Starport  
  28  2:52  Orbital Command  
  28  2:54  SCV  
  28  2:55  Hellion x2  
  33  3:08  SCV  
  34  3:16  Hellion x2  
  34  3:18  Barracks Tech Lab  
  37  3:20  SCV  
  37  3:23  SCV  
  37  3:24  Bunker  
  39  3:31  Medivac  
  39  3:32  SCV  
  40  3:35  SCV, Refinery  
  40  3:37  Hellion  
  42  3:44  SCV  
  42  3:47  SCV  
  46  3:48  Marauder  
  45  3:56  SCV  
  45  3:59  SCV  
  45  4:00  Hellion  
  46  4:06  Supply Depot  
  46  4:08  SCV  
  46  4:09  Marine  
  44  4:11  SCV  
  45  4:20  SCV  
  46  4:27  SCV  
  46  4:30  Refinery  
  47  4:32  Barracks, SCV  
  47  4:33  Barracks  
  48  4:39  SCV  
  48  4:40  Engineering Bay, Siege Tank  
  48  4:44  Marine x2  
  54  4:54  SCV x2  
  52  5:03  Marine x2  
  52  5:06  SCV x2  
  54  5:08  Terran Infantry Weapons Level 1  
  54  5:10  Command Center  
  54  5:15  Supply Depot  
  54  5:20  Barracks Tech Lab  
  54  5:21  Barracks Tech Lab  
  54  5:26  Supply Depot  
  54  5:32  Supply Depot  
  54  5:35  Barracks  
  54  5:37  Marine x2, Siege Tank, SCV x2  
  54  5:38  Barracks  
  54  5:39  Stimpack  
  54  5:42  Combat Shield  
  61  5:48  Marauder x2  
  61  5:49  Supply Depot, Starport Reactor  
  65  5:50  SCV x2  
  65  5:55  Refinery  
  67  5:57  Supply Depot  
  67  5:58  Marine x2  
  67  6:03  SCV x2  
  71  6:09  Marauder  
  71  6:10  Marauder  
  75  6:12  Supply Depot  
  75  6:15  SCV  
  76  6:19  SCV  
  76  6:20  Siege Tank  
  76  6:23  Barracks Reactor, Marine x2  
  82  6:26  Barracks Tech Lab  
  82  6:28  SCV x2  
  84  6:33  Medivac  
  84  6:35  Supply Depot  
  84  6:37  Marauder  
  84  6:39  Marauder  
  90  6:42  SCV x2  
  90  6:44  Marine x2  
  94  6:50  Medivac  
  94  6:51  SCV  
  94  6:53  Supply Depot  
  97  6:54  SCV  
  97  6:57  Marauder  
  97  7:00  Orbital Command  
  100  7:02  Marine x2  
  100  7:04  Marauder x2  
  100  7:06  Marine  
  107  7:12  Marine  
  107  7:14  SCV x2  
  107  7:20  Viking, Marine x2  
  107  7:22  Orbital Command  
  107  7:23  Marine  
  107  7:29  SCV x2  
  110  7:33  Terran Infantry Armor Level 1  
  110  7:38  Marauder x2  
  110  7:41  SCV x2  
  110  7:43  Marine x2  
  118  7:44  Missile Turret  
  118  7:49  Medivac, SCV  
  121  7:53  SCV  
  121  7:54  SCV  
  121  7:56  Viking  
  125  8:00  Marine x2  
  125  8:01  SCV  
  125  8:04  Armory  
  125  8:05  SCV  
  129  8:06  SCV  
  129  8:11  Supply Depot  
  130  8:13  SCV  
  130  8:16  Command Center  
  130  8:17  Supply Depot, SCV  
  132  8:22  SCV  
  132  8:23  Engineering Bay  
  133  8:32  Supply Depot x2, Marine x4  
  137  8:37  SCV x2  
  137  8:39  Siege Tank  
  142  8:43  Supply Depot, Factory  
  142  8:45  SCV  
  142  8:46  Supply Depot  
  143  8:49  Refinery  
  143  8:50  Refinery  
  143  8:52  SCV  
  143  8:54  Marine x4  
  147  8:57  Supply Depot x2  
  147  9:02  SCV x2  
  149  9:07  SCV  
  149  9:08  Viking  
  152  9:11  Viking  
  152  9:12  Marine x2  
  154  9:19  Marauder  
  154  9:20  Marauder  
  154  9:24  Marauder, Marine  
  142  9:28  SCV  
  142  9:29  SCV  
  118  9:32  Marine x2, Factory Tech Lab  
  118  9:33  Marine  
  74  9:39  SCV  
  74  9:40  SCV  
Show
View Real Time Build Order
Export as new Build Order

ShoWTimE Protoss - Winner!

Build Orders: 1 Gate Expand, Archon Immortal, Blink Stalkers 

Get SALT Encoding   

  12  0:00  Probe  
  13  0:12  Probe  
  14  0:18  Pylon  
  14  0:24  Probe (Chrono Boost)  
  15  0:36  Probe (Chrono Boost)  
  15  0:38  Gateway  
  16  0:45  Probe (Chrono Boost)  
  16  0:46  Assimilator  
  17  0:51  Probe  
  18  1:03  Probe  
  19  1:15  Probe  
  20  1:25  Cybernetics Core  
  20  1:33  Nexus  
  20  1:35  Probe  
  21  1:41  Pylon  
  21  1:47  Probe  
  21  1:50  Assimilator  
  22  1:59  Probe  
  22  2:00  Stalker (Chrono Boost)  
  23  2:03  Warp Gate  
  25  2:11  Probe  
  26  2:22  Stalker (Chrono Boost)  
  26  2:24  Probe  
  29  2:36  Probe  
  29  2:39  Twilight Council  
  29  2:45  Stalker  
  29  2:46  Probe (Chrono Boost)  
  33  2:53  Probe (Chrono Boost)  
  33  2:57  Probe (Chrono Boost)  
  34  3:01  Probe x2 (Chrono Boost)  
  36  3:07  Robotics Facility  
  36  3:12  Probe x2  
  38  3:24  Probe x2  
  40  3:31  Gateway  
  40  3:33  Blink (Chrono Boost)  
  40  3:36  Probe x2  
  43  3:48  Probe x2  
  44  3:55  Pylon  
  44  4:00  Probe x2  
  42  4:11  Nexus  
  42  4:12  Probe x2  
  42  4:13  Observer  
  42  4:15  Stalker  
  47  4:18  Assimilator  
  47  4:21  Pylon  
  47  4:24  Probe  
  47  4:25  Stalker, Shield Battery, Probe  
  51  4:33  Pylon  
  51  4:37  Probe x2  
  53  4:39  Stalker  
  53  4:41  Observer  
  56  4:46  Shield Battery  
  56  4:49  Probe x2  
  54  5:01  Probe x2  
  54  5:04  Stalker x2  
  58  5:13  Probe x2  
  60  5:17  Forge  
  60  5:20  Charge (Chrono Boost)  
  60  5:23  Warp Prism  
  60  5:25  Probe x2  
  60  5:26  Gateway  
  60  5:27  Probe  
  60  5:28  Gateway  
  64  5:34  Observer  
  64  5:35  Sentry x2  
  66  5:37  Probe x2  
  66  5:39  Probe  
  71  5:44  Protoss Ground Armor Level 1 (Chrono Boost)  
  71  5:47  Gateway  
  71  5:49  Gateway, Probe x2, Observer  
  73  5:52  Probe  
  73  5:54  Gateway  
  74  6:00  Observer  
  74  6:01  Probe  
  74  6:02  Gateway  
  74  6:04  Pylon, Probe  
  76  6:08  Sentry, Probe  
  76  6:09  Shield Battery  
  80  6:15  Probe  
  80  6:16  Probe  
  82  6:18  Assimilator  
  82  6:19  Immortal (Chrono Boost), Pylon  
  86  6:27  Zealot x2  
  86  6:29  Probe x3  
  86  6:32  Pylon  
  93  6:38  Assimilator, Zealot  
  93  6:39  Zealot  
  97  6:40  Assimilator  
  97  6:44  Immortal, Probe x3  
  100  6:49  Pylon  
  100  6:52  Pylon  
  104  6:56  Probe  
  104  7:00  Templar Archives  
  105  7:06  Pylon  
  105  7:14  Zealot x4  
  113  7:20  Shield Battery  
  113  7:23  Immortal, Psionic Storm  
  113  7:29  Pylon, Protoss Ground Weapons Level 1 (Chrono Boost)  
  117  7:32  Zealot x4  
  117  7:36  Phoenix  
  125  7:37  Pylon  
  125  7:42  High Templar x2  
  125  7:43  Zealot x2  
  133  7:58  Pylon, High Templar x2  
  133  7:59  Pylon, Forge  
  137  8:05  Pylon  
  137  8:08  Shield Battery  
  137  8:11  Pylon  
  137  8:12  Immortal (Chrono Boost)  
  141  8:23  High Templar x2  
  141  8:24  Zealot x4  
  141  8:25  Nexus, Observer  
  153  8:29  Archon  
  153  8:31  Pylon  
  153  8:37  Probe x2  
  153  8:38  Pylon, Probe  
  153  8:40  Zealot  
  158  8:41  Zealot  
  160  8:49  Probe  
  159  9:01  High Templar x2  
  159  9:02  Stalker x3, Zealot x2  
  169  9:03  Zealot  
  169  9:06  Pylon, Archon  
  160  9:25  Zealot  
  160  9:26  Stalker x3, Zealot x2  
  147  9:37  Zealot x2  
  132  9:39  Probe x2  
  132  9:40  Probe x2  
Tags
 
Add a new tag
Caveats
  • Supply blocks, unpowered buildings, or Contaminate may cause inaccurate times.
  • Supply counts are checked every 10 seconds.